 Dungeon Crawl Stone Soup version 0.24.0-1-gfbc8707122 (webtiles) character file.

Game seed: 13650206982726295617, levelgen mode: deterministic

98 Lanoc the Ducker (level 4, -1/34 HPs)
             Began as a Merfolk Enchanter on Oct 25, 2019.
             Slain by Natasha (5 damage)
             ... on level 3 of the Dungeon.
             The game lasted 00:05:14 (2375 turns).

Lanoc the Ducker (Merfolk Enchanter)                Turns: 2375, Time: 00:05:15

Health: -1/34      AC:  2    Str:  8    XL:     4   Next: 69%
Magic:  7/7        EV: 17    Int: 14    God:
Gold:   175        SH:  0    Dex: 15    Spells: 4/7 levels left

rFire    . . .     SeeInvis .   k - +0 spear
rCold    . . .     Gourm    .   (no shield)
rNeg     . . .     Faith    .   b - +0 robe
rPois    .         Spirit   .   (no helmet)
rElec    .         Reflect  .   (no cloak)
rCorr    .         Harm     .   (no gloves)
MR       .....                  (no boots)
Stlth    ++........             (no amulet)
HPRegen  0.11/turn              e - ring of wizardry
MPRegen  0.10/turn              g - +3 ring of evasion

@: no status effects
A: change form in water, swift swim, stealthy swim
a: no special abilities


You were on level 3 of the Dungeon.
You were not hungry.

You visited 1 branch of the dungeon, and saw 3 of its levels.

You collected 175 gold pieces.

Inventory:

Hand Weapons
 a - a +1 dagger
 k - a +0 spear (weapon)
Armour
 b - a +0 robe (worn)
Jewellery
 e - a ring of wizardry (left hand)
 g - a +3 ring of evasion (right hand)
Scrolls
 c - a scroll of random uselessness {unknown}
 f - 2 scrolls of blinking {unknown}
 h - 3 scrolls of teleportation {unknown}
 i - 3 scrolls of identify {unknown}
 j - a scroll of amnesia {unknown}
 l - a scroll of magic mapping {unknown}
 m - a scroll of enchant weapon {unknown}
Potions
 o - a potion of brilliance {unknown}
Comestibles
 d - 3 rations
 n - 3 chunks of flesh


   Skills:
 + Level 2.5 Fighting
 - Level 1.2 Short Blades
 * Level 3.0 Polearms
 + Level 4.3 Dodging
 - Level 3.2 Stealth
 - Level 2.0 Spellcasting
 - Level 3.0 Hexes


You had 4 spell levels left.
You knew the following spells:

 Your Spells              Type           Power        Failure   Level  Hunger
a - Corona                Hex            #......      2%          1    ##.....
b - Ensorcelled Hibernat  Hex/Ice        #.....       8%          2    ###....

Your spell library contained the following spells:

 Spells                   Type           Power        Failure   Level  Hunger
 Confuse                  Hex            #.......     9%          3    ####...
 Tukima's Dance           Hex            #.......     9%          3    ####...
 Dazzling Spray           Conj/Hex       #.....       16%         3    ####...


Dungeon Overview and Level Annotations

Branches:
Dungeon (3/15)

Altars:
Gozag
Makhleb
Trog

Annotations:
D:3 Natasha


Message History

You hit Natasha but do no damage.
Natasha is almost dead.
The crimson imp blinks!
The shadow imp misses you. Natasha closely misses you.
You hit Natasha.
Natasha is almost dead.
The shadow imp misses you. Natasha barely misses you.
You hit Natasha.
Natasha is almost dead.
The crimson imp blinks!
The shadow imp barely misses you.
Natasha stares at you and mumbles some strange words.
The magic dart hits you!
* * * LOW HITPOINT WARNING * * *
You hit Natasha but do no damage.
Natasha is almost dead.
Natasha mumbles some strange words.
You closely miss Natasha.
Natasha is almost dead.
The shadow imp disappears in a puff of smoke!
Natasha claws you.
You die...

## .. #####.##
...#..#####
#.#h5.[... ##. #.@.#
.... ####.5##
#...##...ยง.#
..#....###.#
#.#.....##.#
###.##.......#######.
..#.##..###..........
#.#......###.###....#
#.#.#.#..# #..#..#.##


You could see Natasha, a crimson imp and a shadow imp.

Vanquished Creatures
  4 adders
  A worm (D:1)
  4 dart slugs
  5 leopard geckos
  2 orcs
  A ball python (D:1)
  4 bats (D:2)
  A giant cockroach (D:1)
  2 goblins (D:1)
  5 hobgoblins
  4 kobolds
  2 quokkas (D:2)
  5 frilled lizards
  A quokka skeleton (D:3)
  6 rats
47 creatures vanquished.

Notes
Turn   | Place    | Note
-------+----------+-------------------------------------------
     0 | D:1      | Lanoc the Merfolk Enchanter began the quest for the Orb.
     0 | D:1      | Reached XP level 1. HP: 13/13 MP: 3/3
    47 | D:1      | Reached skill level 3 in Dodging
    93 | D:1      | Reached skill level 1 in Fighting
   116 | D:1      | Reached XP level 2. HP: 5/21 MP: 5/5
   375 | D:1      | Learned a level 2 spell: Ensorcelled Hibernation
   850 | D:2      | Reached XP level 3. HP: 20/27 MP: 6/6
  1036 | D:2      | Reached skill level 1 in Polearms
  1787 | D:2      | Reached skill level 4 in Dodging
  1787 | D:2      | Reached XP level 4. HP: 26/33 MP: 7/7
  1873 | D:2      | Found a bloodstained altar of Trog.
  2059 | D:2      | Found a burning altar of Makhleb.
  2130 | D:2      | Found an opulent altar of Gozag.
  2353 | D:3      | Noticed Natasha
  2375 | D:3      | Slain by Natasha

Levels and vault maps discovered:
D:1:      psy_arrival_whirlpool, layout_basic,
          wander_ebering_terrifying_dragon_lair
D:2:      layout_loops_cross, nicolae_overflow_crystal_walls,
          old_standard_altar, trog_butcher_becter
D:3:      layout_rooms, hangedman_decor_peaks_small, grunt_decor_cap,
          minivault_14, uniq_natasha

Skill      XL: |  1  2  3  4 |
---------------+-------------+-----
Dodging        | 3 4 |  4.3
Fighting       | 1 2 |  2.5
Polearms       | 2 3 |  3.0
Short Blades   | |  1.2
Stealth        | |  3.2
Spellcasting   | |  2.0
Hexes          | |  3.0

Action                   |  1- 3 |  4- 6 || total
-------------------------+-------+-------++-------
Melee: Dagger            |    65 |       ||    65
       Spear             |   121 |   105 ||   226
 Cast: Ensorcelled Hiber |     3 |       ||     3
  Use: Potion            |     2 |       ||     2
 Stab: Sleeping          |     8 |     6 ||    14
       Distracted        |       |     1 ||     1
  Eat: Chunk             |     3 |     2 ||     5
Armor: Robe              |     8 |     8 ||    16
Dodge: Dodged            |   112 |    73 ||   185
